 Dungeon Crawl Stone Soup version 0.32-a0-468-g38b2580584 (webtiles) character file.

Game seed: 206906513382869026

65 CougarLife the Digger (level 4, -3/24 HPs)
             Began as a Gargoyle Earth Elementalist on Feb 24, 2024.
             Slain by a cerulean imp
             ... wielding a +1 spear
             ... summoned by Natasha
              (4 damage)
             ... on level 2 of the Dungeon.
             The game lasted 00:01:46 (905 turns).

CougarLife the Digger (Gargoyle Earth Elementalist)  Turns: 905, Time: 00:01:47

Health: -3/24      AC:  5    Str: 11    XL:     4   Next: 14%
Magic:  8/8        EV: 11    Int: 18    God:
Gold:   54         SH:  0    Dex: 10    Spells: 7/8 levels left

rFire   . . .        e - +0 dagger
rCold   . . .        (no shield)
rNeg    + . .        a - +0 robe
rPois   ∞            (no helmet)
rElec   +            (no cloak)
rCorr   .            (no gloves)
SInv    .            (no boots)
Will    .....        (no amulet)
Stlth   ++           (no ring)
HPRegen 0.24/turn    (no ring)
MPRegen 0.11/turn

%: no passive effects
@: no status effects
A: sickness immunity, AC +3, negative energy resistance 1, electricity
resistance, torment resistance 1, petrification resistance
a: no special abilities


You were on level 2 of the Dungeon.
You visited 1 branch of the dungeon, and saw 2 of its levels.

You collected 54 gold pieces.

Inventory:

Hand Weapons
 e - a +0 dagger (weapon)
Armour
 a - a +0 robe (worn)
Scrolls
 d - a scroll of identify {unknown}
 j - a scroll of fear {unknown}
 l - a scroll of blinking {unknown}
Potions
 c - 2 potions of attraction {unknown}
 f - 2 potions of invisibility {unknown}
 g - a potion of lignification {unknown}
 h - a potion of might {unknown}
 i - a potion of degeneration {unknown}
 k - a potion of curing {unknown}


   Skills:
 - Level 1.5 Dodging
 - Level 2.1 Stealth
 + Level 2.8 Spellcasting
 + Level 2.5 Conjurations
 + Level 4.4 Earth Magic


You had 7 spell levels left.
You knew the following spells:

 Your Spells              Type           Power      Damage    Failure   Level
a - Sandblast             Erth           36%        2d10      2%          1

Your spell library contained the following spells:

 Spells                   Type           Power      Damage    Failure   Level
 Passwall                 Erth           18%        N/A       8%          3
 Stone Arrow              Conj/Erth      30%        3d8       12%         3
 Brom's Barrelling Bould  Conj/Erth      15%        2d4       36%         4
 Petrify                  Alch/Erth      10%        N/A       54%         4
 Manifold Assault         Tloc           2%         N/A       86%         4
 Dispersal                Tloc           1%         N/A       100%        6
 Disjunction              Tloc           1%         N/A       100%        8


Dungeon Overview and Level Annotations

Branches:
Dungeon (2/15)

Altars:

Annotations:
D:2 Natasha


Innate Abilities, Weirdness & Mutations

You are immune to sickness and miasma.
Your stone body is resilient. (AC +3)
You are immune to poison.
You resist negative energy. (rN+)
You are resistant to electric shocks. (rElec)
You are resistant to unholy torment.
You are immune to petrification.


Message History

The blast of sand hits Natasha!
You kill Natasha!
Natasha screams in fury as she dies!
The cerulean imp disappears in a puff of smoke!
You have reached level 4!
You feel clever.
Natasha, Servant of Life and Death comes into view.
She is carrying a wand of flame.
The blast of sand misses Natasha.
Natasha hisses angrily.
The blast of sand misses Natasha.
A hobgoblin comes into view. It is quivering poisoned darts.
Natasha stares at you and mumbles some strange words.
The magic dart hits you.
The blast of sand misses Natasha.
The hobgoblin shouts!
Natasha mumbles some strange words.
The hobgoblin throws a poisoned dart.
The poisoned dart barely misses you.
The blast of sand misses Natasha.
Natasha zaps a wand.
The puff of flame hits you!
The cerulean imp hits you with a +0 spear.
* * * LOW HITPOINT WARNING * * *
You are too injured to fight recklessly!
Casting: Sandblast (safe; 2% risk of failure)
Confirm with . or Enter, or press ? or * to list all spells.
You don't have enough magic to cast this spell.
You hit Natasha.
Natasha is lightly wounded.
Natasha mumbles some strange words.
The cerulean imp hits you but does no damage.
You hit Natasha.
Natasha is moderately wounded.
Natasha claws you but does no damage. The cerulean imp closely misses you. x2
Magic courses through your body.
Natasha stares at you and mumbles some strange words.
The magic dart hits you.
* * * LOW HITPOINT WARNING * * *
The cerulean imp hits you with a +0 spear.
* * * LOW HITPOINT WARNING * * *
The cerulean imp hits you with a +1 spear.
You die...

# ### . ..# # #.# #.# #.
#####.#####.#
#.####.........#.####
#....#.##..#...†.....
##.#......##.###........
.......5..##<.#.##..###.
#...gh@†.##...###..##..
#..#.5........# #..##..
#.............# #..##..
#.#.#.......#.# #..###.
# #.#.......#.# #..# ##
............# #..####
.#.#.........# #......
..#.#.......### #..####
# ........# #..# #.


You could see Natasha, 2 cerulean imps and a hobgoblin.

Vanquished Creatures
  Natasha (D:2)
  A gnoll (D:1)
  2 dart slugs
  A bat (D:1)
  An endoplasm (D:2)
  A giant cockroach (D:1)
  4 hobgoblins (D:1)
  3 quokkas
  A ball python (D:1)
  3 frilled lizards
  3 goblins (D:1)
  5 kobolds
  2 rats (D:1)
28 creatures vanquished.

Notes
Turn   | Place    | Note
-------+----------+-------------------------------------------
     0 | D:1      | CougarLife the Gargoyle Earth Elementalist began the quest
                  | for the Orb.
     0 | D:1      | Reached XP level 1. HP: 10/10 MP: 3/3
   117 | D:1      | Reached XP level 2. HP: 4/15 MP: 0/5
   126 | D:1      | Reached skill level 4 in Earth Magic
   383 | D:1      | Reached XP level 3. HP: 19/19 MP: 2/6
   871 | D:2      | Noticed Natasha
   877 | D:2      | Killed Natasha
   878 | D:2      | Reached XP level 4. HP: 18/24 MP: 1/8
   898 | D:2      | Noticed Natasha
   905 | D:2      | HP: 1/24 [cerulean imp/+0 spear[Natasha] (2)]
   905 | D:2      | Slain by a cerulean imp

Illustrated notes

Levels and vault maps discovered:
D:1:      erik_arrival_triangle_medium, layout_basic
D:2:      layout_loops_ring, grunt_ministairs_9, chequers_serial_rivers_room_b,
          uniq_natasha

Skill      XL: |  1  2 |
---------------+-------+-----
Earth Magic    | 4 |  4.4
Conjurations   | 2 |  2.5
Dodging        | |  1.5
Stealth        | |  2.1
Spellcasting   | |  2.8

Action                     |  1- 3 |  4- 6 || total
---------------------------+-------+-------++-------
  Melee: Dagger            |    15 |     2 ||    17
   Cast: Sandblast         |    36 |     4 ||    40
    Use: Potion            |       |     1 ||     1
 Armour: Robe              |    18 |     8 ||    26
  Dodge: Dodged            |    16 |     3 ||    19

Table legend: (Time is in decaauts)
 A = Elapsed time spent in this place.
 B = Non-inter-level travel time spent in this place.
 C = Inter-level travel time spent in this place.
 D = Time resting spent in this place.
 E = Time spent auto-exploring this place.
 F = Levels seen in this place.
 G = Mean time per level.
                   A        B        C        D        E       F      G
               +--------+--------+--------+--------+--------+-----+--------+
         Total |    924 |    910 |     14 |    185 |    540 |   2 |  462.0 |
       Dungeon |    924 |    910 |     14 |    185 |    540 |   2 |  462.0 |
               +--------+--------+--------+--------+--------+-----+--------+

Top non-repeatable levels by time:
     D:1: 672 daAuts
     D:2: 251 daAuts
